Unix xNetHack Version 7.1.0 - last build Jul 4 2022 02:09:00 (ec8469f2eb63cac24863ec985b09651f3a72bf9f). Game began 2022-07-08 20:04:20, ended 2022-07-08 20:11:45. Raisse, neutral female gnomish Wizard ------------------------ 0..............[.........G...........|---.----- ---------- ------------#-----------.||........ o.. |(--........ ----- |..... ... |.|... ... |. ... |. -.. |. |.- |. |.| |. |.| |. -.| |. ..- |. -.. . --.....-- |. |.......| |. |.<...|.. |. ---. -. . Raisse the Conjurer St:11 Dx:12 Co:15 In:19 Wi:10 Ch:10 Neutral Dlvl:6 $:21 HP:0(32) Pw:25(25) AC:8 Xp:4/123 T:1796 Latest messages: The spell hits Oghaiaiul of Akhaunog! You kill Oghaiaiul of Akhaunog! There are several objects here. E - a copper whistle {3}. What do you want to call? [c-kp-tv-zADEH or ?*] E Call a copper whistle: pea What kinds of thing do you want to drop? [$)(+?!%=["/ BUXPai] ( You drop a copper whistle called pea {3}. F - an iron whistle {3}. What do you want to use or apply? [b-fkpzBDF or ?*] F You produce a high whistling sound. What do you want to call? [c-kp-tv-zADFH or ?*] F Call an iron whistle: pea What do you want to drop? [$a-zABDFH or ?*] F You drop an iron whistle called pea {3}. E - a copper whistle called pea {3}. F - an iron whistle called pea {3}. What do you want to use or apply? [b-fkpzBD-F or ?*] E You produce a strange whistling sound. What do you want to call? [c-kp-tv-zAD-FH or ?*] E Call a copper whistle called pea: magic What do you want to drop? [$a-zABD-FH or ?*] F You drop an iron whistle called pea {3}. What do you want to adjust? [a-zABDEH or ?*] G You don't have that object. What do you want to adjust? [a-zABDEH or ?*] ? Adjust letter to what [CE-GI-Z] (? see used letters)? w Swapping: w - a copper whistle called magic {3}. You hear water falling on coins. You hear the chime of a cash register. Agorog of Akhaunog punches you! In what direction? h The spell hits Agorog of Akhaunog! You kill Agorog of Akhaunog! You hear a chugging sound. There is a hill orc corpse named Agorog of Akhaunog here; eat it? [ynq] (n) y This hill orc corpse tastes okay. You finish eating the hill orc corpse. Ul-ogruka of Akhaunog hurls an orange potion! The vial crashes on your head and breaks into shards. The orange potion evaporates. This burns! Wizard, your life force is running out. The acrid fumes burn your eyes and lungs! You die... Do you want your possessions identified? [ynq] (y) y Do you want to see your attributes? [ynq] (y) y Do you want an account of creatures vanquished? [ynaq] (y) y Do you want to see your conduct and achievements? [ynq] (y) y Do you want to see the dungeon overview? [ynq] (y) y Major events: Turn 1: Raisse the neutral female gnomish Wizard entered the dungeon 819: entered the Gnomish Mines 948: attained the rank of Conjurer (level 3) 1687: reached Mine Town 1796: killed by acid fumes Inventory: Inventory: 597/700 weight (31/52 slots) Coins $ - 21 gold pieces {1} Amulets E - an uncursed glass amulet of reflection {17} Weapons a - a blessed +1 quarterstaff (weapon in hands) {40} o - an uncursed +0 orcish dagger {10} u - 10 uncursed +0 arrows {10} Armor t - an uncursed +0 cloak of magic resistance (being worn) {8} y - an uncursed +0 pair of gauntlets of power {30} H - an uncursed +0 orcish helm (being worn) {23} Comestibles l - 2 uncursed food rations {40} m - 2 uncursed bananas {4} n - a cursed food ration named pc {20} Scrolls g - an uncursed scroll of identify {5} h - a cursed scroll of destroy armor {5} i - a blessed scroll of confuse monster {5} r - an uncursed scroll of remove curse {5} s - an uncursed scroll of blank paper {5} v - an uncursed scroll of scare monster {5} Spellbooks c - a blessed spellbook of force bolt {35} d - a blessed spellbook of magic missile {40} e - an uncursed spellbook of healing {35} f - an uncursed spellbook of cause fear {45} p - an uncursed spellbook of haste self {45} D - an uncursed spellbook of jumping {40} Potions j - an uncursed potion of gain ability {20} k - an uncursed potion of oil (lit) {20} x - a cursed potion of confusion {20} A - an uncursed potion of monster detection {20} Rings q - an uncursed +4 ring of gain strength {3} Wands z - an uncursed wand of speed monster (0:2) {7} Tools b - an uncursed blindfold {2} w - an uncursed copper magic whistle {3} B - an uncursed lantern {30} Raisse the Wizard's attributes: Background: You were a Conjurer, a level 4 female gnomish Wizard. You were neutral, nominally on a mission for Thoth who was opposed by Ptah (lawful) and Anhur (chaotic). You were bisexual. You were in the Gnomish Mines, on level 6. You entered the dungeon 1796 turns ago. You had 123 experience points, 37 more were needed to attain level 5. Basics: You had 0 out of 32 hit points. You had all 25 energy points (spell power). Your armor class was 8. Your wallet contained 21 zorkmids. Autopickup was on for '$!?/"=+' plus thrown, with exceptions. Final Characteristics: Your strength was 11 (limit:18/50). Your dexterity was 12 (limit:18). Your constitution was 15 (limit:18). Your intelligence was 19 (limit:19). Your wisdom was 10 (limit:18). Your charisma was 10 (limit:18). Final Status: You were not hungry. You were unencumbered. You were wielding a quarterstaff. You had basic skill with quarterstaff. Final Attributes: You were devoutly aligned. You were magic-protected. You had infravision. You were warded. You are dead. Miscellaneous: You never encountered a bones level. Total elapsed playing time was 7 minutes and 25 seconds. Vanquished creatures: a kitten 2 hill orcs a giant bat 3 dwarf zombies 3 iguanas a coyote 3 hobbits a giant rat a cave spider a yellow mold 2 geckos 7 jackals a kobold 2 goblins 6 grid bugs a lichen 3 newts 39 creatures vanquished. No species were genocided or became extinct. Voluntary challenges: You were an atheist. You read items or engraved 5 times. You never genocided any monsters. You never polymorphed an object. You never changed form. You never touched an artifact. You used no wishes. You never scared an enemy with impunity. You were celibate. You never generated conflict. Achievements: You entered the Gnomish Mines. You attained the rank of Conjurer. You entered Minetown. The Dungeons of Doom: levels 1 to 3 Level 1: Level 2: Stairs down to The Gnomish Mines. Level 3: The Gnomish Mines: levels 3 to 6 Level 3: Level 4: Level 5: Level 6: <- You were here. Final resting place for you, killed by acid fumes. Game over: __________ / \ / REST \ / IN \ / PEACE \ / \ | Raisse | | 21 Au | | killed by acid | | fumes | | | | | | 2022 | *| * * * | * _________)/\\_//(\/(/\)/\//\/|_)_______ Goodbye Raisse the Wizard... You died in The Gnomish Mines on dungeon level 6 with 771 points, and 21 pieces of gold, after 1796 moves. You were level 4 with a maximum of 32 hit points when you died.